 Dungeon Crawl Stone Soup version 0.16-a0-1029-gdfc7942 (webtiles) character file.

106 Hodglim the Magician (level 4, -9/24 HPs)
             Began as a Deep Elf Fire Elementalist on Oct 4, 2014.
             Mangled by an ogre
             ... wielding a +0 giant club
              (11 damage)
             ... on level 4 of the Dungeon.
             The game lasted 00:17:30 (3158 turns).

Hodglim the Magician (Deep Elf Fire Elementalist)   Turns: 3158, Time: 00:17:31

HP  -9/24        AC  8     Str  5      XL: 4   Next: 55%
MP  13/15        EV 13     Int 21      God:
Gold 101         SH  0     Dex 15      Spells:  3 memorised,  3 levels left

rFire  . . .     SeeInvis .     t - +1 flail (protect)
rCold  . . .     Clarity  .     a - +0 robe
rNeg   . . .     rCorr    .     (no shield)
rPois  .         rRot     .     (no helmet)
rElec  .         Spirit   .     n - +0 cloak
SustAb .         Warding  .     (no gloves)
rMut   .         Stasis   .     (no boots)
Gourm  .                        (no amulet)
MR     .....                    (no ring)
                                (no ring)

@: not resistant to hostile enchantments, unstealthy
A: no striking features
a: no special abilities


You were on level 4 of the Dungeon.
You were hungry.

You visited 1 branch of the dungeon, and saw 4 of its levels.

You collected 101 gold pieces.

Inventory:

Hand weapons
 g - a +0 short sword
 t - a +1 flail of protection (weapon)
Armour
 a - a +0 robe (worn)
 n - a +0 cloak (worn)
Comestibles
 c - 4 bread rations
 f - 2 meat rations
 u - a rotting chunk of hobgoblin flesh
Scrolls
 h - 3 scrolls of identify
 j - 3 scrolls of amnesia
Jewellery
 v - an uncursed amulet of resist corrosion {unknown}
Potions
 d - a potion of resistance {unknown}
 i - a potion of curing {unknown}
 k - a potion of might {unknown}
 m - a potion of brilliance {unknown}
 p - a potion of cancellation {unknown}
 r - a potion of heal wounds {unknown}
Books
 b - a book of Flames

   Spells                             Type                      Level
   *Flame Tongue                      Conjuration/Fire             1
   Throw Flame                        Conjuration/Fire             2
   *Conjure Flame                     Conjuration/Fire             3
   Inner Flame                        Hexes/Fire                   3
   *Sticky Flame                      Conjuration/Fire             4
   Fireball                           Conjuration/Fire             5


   Skills:
 - Level 2.4 Dodging
 - Level 2.4 Stealth
 + Level 4.4 Spellcasting
 + Level 2.7 Conjurations
 + Level 4.4 Fire Magic


You had 3 spell levels left.
You knew the following spells:

 Your Spells              Type           Power        Failure   Level  Hunger
a - Flame Tongue          Conj/Fire      ###..        2%          1    None
b - Sticky Flame          Conj/Fire      ###.....     28%         4    ####...
c - Conjure Flame         Conj/Fire      ###.....     10%         3    ###....


Dungeon Overview and Level Annotations

Branches:
Dungeon (4/15)
 Temple: D:4-7

Altars:
Fedhas


Message History

Confirm with . or Enter, or press ? or * to list all spells.
Aiming: Flame Tongue
Press: ? - help, Shift-Dir - straight line, f/p - ogre
Aim: an ogre, wielding a giant club (lightly wounded)
The flame tongue hits the ogre.
The ogre is moderately wounded.
The ogre hits you with a giant club!!
Ouch! That really hurt!
* * * LOW HITPOINT WARNING * * *
A rat comes into view.
Found a meat ration.
An orc comes into view. It is wielding a flail.
The ogre misses you.
An orc comes into view.
Read which item? (? for menu, Esc to quit)
Okay, then. 2 orcs come into view.
The orc shouts! x2
The ogre hits you with a giant club!
You die...

+...## #...##
... #....# ....
#...#####
######.....
#...##..##
#...%...o..o
+........#
#.....r.o...
#........#
#..........o
#........#
#........#
#...##...#
#...@....# ##
#...##...#
#..O.....###...
#...#....#
#..............#
#...'....#
#..............#
##'###...#
#..............+
#...##...#
####...........#
#...(....#
#........#
.........#
####....##'##
#...##...#
#.......# #


You could see an ogre, 4 orcs and a rat.

Vanquished Creatures
  2 adders
  A gnoll (D:1)
  A worm (D:3)
  4 giant geckos
  An orc (D:3)
  11 bats
  4 giant cockroaches
  11 hobgoblins
  6 jackals (D:1)
  A quokka (D:3)
  A giant newt (D:1)
  9 goblins
  A hobgoblin skeleton (D:4)
  5 kobolds
  7 rats
  A rat skeleton (D:4)
66 creatures vanquished.

Notes
Turn   | Place    | Note
--------------------------------------------------------------
     0 | D:1      | Hodglim, the Deep Elf Fire Elementalist, began the quest for the Orb.
     0 | D:1      | Reached XP level 1. HP: 10/10 MP: 5/5
   133 | D:1      | Reached XP level 2. HP: 15/15 MP: 3/8
   624 | D:1      | Reached XP level 3. HP: 10/19 MP: 6/11
   894 | D:1      | Reached skill level 4 in Fire Magic
  2038 | D:2      | Reached XP level 4. HP: 24/24 MP: 11/15
  2062 | D:2      | Learned a level 4 spell: Sticky Flame
  2066 | D:2      | Learned a level 3 spell: Conjure Flame
  2355 | D:3      | Found a blossoming altar of Fedhas.
  3142 | D:4      | Noticed an ogre
  3158 | D:4      | Mangled by an ogre

Action                   |  1- 3 |  4- 6 || total
-------------------------+-------+-------++-------
 Cast: Flame Tongue      |    89 |    41 ||   130
  Use: Scroll            |     3 |     3 ||     6
  Eat: Chunk             |     3 |     3 ||     6
